Edmonton Oilers vs San Jose Sharks
Created - Tuesday, November 4, 2025 at 07:21
Goals
|
| Edmonton Oilers |
0 |
2 |
0 |
2 |
| San Jose Sharks |
0 |
3 |
0 |
3 |
|
Shots
|
| Edmonton Oilers |
6 |
23 |
11 |
40 |
| San Jose Sharks |
7 |
21 |
6 |
34 |
|
1st period
No Goal
Penalties :
Connor Murphy (SJS) for Tripping (Minor) at 18:15
2nd period
1. Edmonton Oilers , Adrian Kempe 37 (Brock Boeser 45, Ryan McLeod 35) at 0:28
2. Edmonton Oilers , Dylan Holloway 17 (David Savard 14, Dawson Mercer 31) at 5:00
3. San Jose Sharks , Max Domi 21 (Andre Burakovsky 30, Justin Barron 10) at 12:31
4. San Jose Sharks , Jon Merrill 1 (Max Domi 31, Andre Burakovsky 31) at 13:47
5. San Jose Sharks , Max Domi 22 (Ilya Mikheyev 29, Andre Burakovsky 32) at 17:40 (PP)
Penalties :
Brandon Carlo (EDM) for Cross-checking (Minor) at 5:15, Brandon Carlo (EDM) for Holding (Minor) at 17:23
3rd period
No Goal
Penalties :
Max Domi (SJS) for Holding (Minor) at 6:21, Carter Verhaeghe (SJS) for High sticking (Minor) at 7:08
Goalie Stats
Karel Vejmelka (EDM), 31 saves from 34 shots - (0.912), L, 8-9-1, 58:36 minutes
Jacob Markstrom (SJS), 38 saves from 40 shots - (0.950), W, 17-17-4, 60:00 minutes
Players Stats for Edmonton Oilers
Player Name G A P +/- PIM S H SB GA TA FO MP PP MP PK MP
------------------------------------------------------------------------------------
Adrian Kempe 1 0 1 0 0 5 2 0 0 0 1/2 19:18 2:13 0:58
Brandon Carlo 0 0 0 0 4 2 0 3 1 2 0/0 24:33 2:33 0:00
Brett Pesce 0 0 0 0 0 0 0 0 0 0 0/0 15:21 0:00 1:01
Brock Boeser 0 1 1 0 0 2 1 1 1 2 0/0 19:18 2:13 0:58
Corey Perry 0 0 0 -1 0 0 1 0 0 1 0/0 9:44 0:00 0:01
David Perron 0 0 0 0 0 1 2 0 1 0 0/1 14:59 2:32 0:00
David Savard 0 1 1 0 0 1 3 2 0 0 0/0 20:12 2:12 1:15
Dawson Mercer 0 1 1 1 0 7 1 1 0 1 1/2 17:27 2:32 0:01
Derek Ryan 0 0 0 0 0 0 0 0 0 0 0/0 12:23 0:00 0:00
Drake Caggiula 0 0 0 -1 0 1 1 0 0 0 0/0 9:35 0:00 0:00
Dylan Holloway 1 0 1 1 0 6 1 0 0 0 8/16 14:42 0:00 0:00
Evan Bouchard 0 0 0 0 0 5 1 2 0 1 0/0 19:54 2:12 0:57
Jacob Trouba 0 0 0 0 0 3 3 0 0 1 0/0 25:46 2:33 1:19
Jake DeBrusk 0 0 0 1 0 3 1 0 0 0 0/1 18:35 2:32 1:17
Morgan Barron 0 0 0 0 0 0 2 1 1 0 4/13 12:23 0:00 0:00
Ryan McLeod 0 1 1 0 0 1 0 0 0 0 10/16 19:37 2:13 1:17
Scott Mayfield 0 0 0 0 0 1 0 3 0 0 0/0 14:20 0:00 0:00
Tanner Jeannot 0 0 0 -1 0 2 2 0 1 0 0/2 9:35 0:00 0:00
Players Stats for San Jose Sharks
Player Name G A P +/- PIM S H SB GA TA FO MP PP MP PK MP
------------------------------------------------------------------------------------
Alexander Wennberg 0 0 0 0 0 1 2 0 0 1 9/15 17:29 1:04 1:24
Andre Burakovsky 0 3 3 0 0 4 2 0 2 0 0/0 15:52 1:12 0:00
Anthony Beauvillier 0 0 0 0 0 3 0 0 0 0 0/0 14:11 0:00 2:13
Brandon Tanev 0 0 0 0 0 4 1 0 1 1 0/0 10:17 0:00 0:00
Carter Verhaeghe 0 0 0 0 2 1 1 0 2 0 0/0 18:33 1:04 1:25
Casey Cizikas 0 0 0 0 0 1 1 0 0 0 1/2 11:03 0:00 0:37
Connor Murphy 0 0 0 -1 2 0 3 1 0 0 0/0 23:18 1:07 1:12
Ilya Mikheyev 0 1 1 0 0 4 1 0 1 0 0/2 13:14 1:12 0:06
Jon Merrill 1 0 1 0 0 3 1 1 0 0 0/0 15:53 0:00 0:43
Josh Manson 0 0 0 1 0 0 1 2 0 1 0/0 20:21 1:09 2:32
Justin Barron 0 1 1 1 0 0 1 3 0 1 0/0 20:46 1:07 2:50
Kevin Fiala 0 0 0 0 0 2 1 0 0 0 3/5 19:30 1:04 2:22
Marcus Pettersson 0 0 0 0 0 3 1 2 1 1 0/0 23:43 1:09 2:13
Mark Jankowski 0 0 0 0 0 1 0 0 0 0 2/2 10:17 0:00 0:00
Mattias Samuelsson 0 0 0 -1 0 1 0 0 0 0 0/0 16:00 0:00 0:00
Max Domi 2 1 3 0 2 3 1 0 1 0 0/0 16:01 1:12 0:10
Morgan Geekie 0 0 0 0 0 3 2 1 0 0 7/16 11:56 0:00 0:00
Travis Boyd 0 0 0 0 0 0 0 1 0 0 7/11 15:36 0:00 0:00
3 Stars
1 - Max Domi (SJS)
2 - Jacob Markstrom (SJS)
3 - Andre Burakovsky (SJS)
Power Play
Edmonton Oilers - 0 on 3 Attempt(s) - 0.00%
San Jose Sharks - 1 on 2 Attempt(s) - 50.00%
Penalty Kill
Edmonton Oilers - 1 on 2 Attempt(s) - 50.00%
- Score 0 goal in Penalty Kill
San Jose Sharks - 3 on 3 Attempt(s) - 100.00%
- Score 0 goal in Penalty Kill
Team Stat
Edmonton Oilers - Hits : 21 - Faceoff Wins : 24 - Blocked Shots : 13 - Penalty Minutes : 4
San Jose Sharks - Hits : 19 - Faceoff Wins : 29 - Blocked Shots : 11 - Penalty Minutes : 6
Official
Referees : Francis Charron and Carter Sandlak
Linesman : Justin Johnson and Travis Toomey
Game Notes
No Game Note
Finance
Level 1 -- Attendance: 3900 (65.00%) -- Ticket Income $487,500
Level 2 -- Attendance: 3250 (65.00%) -- Ticket Income $243,750
Level 3 -- Attendance: 1950 (65.00%) -- Ticket Income $97,500
Level 4 -- Attendance: 3250 (65.00%) -- Ticket Income $97,500
Luxury Box -- Attendance: 758 (75.80%) -- Ticket Income $151,600
Game was played at the SAP Center at San Jose.
Total Attendance: 13108 (65.54%)
Total Ticket Income: $1,077,850
Other Income: $377,248
Total Income: $1,455,098
Edmonton Oilers
5 vs 5 Forward
Center Left Wing Right Wing Time % Phy DF OF
1 Ryan McLeod Adrian Kempe Brock Boeser 30 1 2 2
2 Dylan Holloway Jake DeBrusk Dawson Mercer 30 1 2 2
3 Morgan Barron Derek Ryan David Perron 25 1 2 2
4 Tanner Jeannot Drake Caggiula Corey Perry 15 1 2 2
5 vs 5 Defense
Defense Defense Time % Phy DF OF
1 Jacob Trouba Brandon Carlo 30 1 2 2
2 David Savard Evan Bouchard 30 1 2 2
3 Scott Mayfield Brett Pesce 25 1 2 2
4 Jacob Trouba Brandon Carlo 15 1 2 2
PowerPlay Forward
Center Left Wing Right Wing Time % Phy DF OF
1 Ryan McLeod Adrian Kempe Brock Boeser 50 1 2 2
2 David Perron Jake DeBrusk Dawson Mercer 50 1 2 2
PowerPlay Defense
Defense Defense Time % Phy DF OF
1 Jacob Trouba Brandon Carlo 50 1 2 2
2 David Savard Evan Bouchard 50 1 2 2
Penalty Kill 4 Players Forward
Center Wing Time % Phy DF OF
1 Adrian Kempe Brock Boeser 50 1 2 2
2 Jake DeBrusk Ryan McLeod 50 1 2 2
Penalty Kill 4 Players Defense
Defense Defense Time % Phy DF OF
1 Jacob Trouba Brandon Carlo 50 1 2 2
2 David Savard Evan Bouchard 50 1 2 2
Penalty Kill - 3 Players Forward
Forward Time % Phy DF OF
1 Adrian Kempe 50 1 2 2
2 Brock Boeser 50 1 2 2
Penalty Kill - 3 Players Defense
Defense Defense Time % Phy DF OF
1 Jacob Trouba Brandon Carlo 50 1 2 2
2 David Savard Evan Bouchard 50 1 2 2
4 vs 4 Forward
Center Wing Time % Phy DF OF
1 Adrian Kempe Brock Boeser 50 1 2 2
2 Jake DeBrusk Ryan McLeod 50 1 2 2
4 vs 4 Defense
Defense Defense Time % Phy DF OF
1 Brett Pesce Brandon Carlo 50 1 2 2
2 David Savard Evan Bouchard 50 1 2 2
Last Minutes Offensive
Center Left Wing Right Wing Defense Defense
Ryan McLeod Adrian Kempe Brock Boeser Jacob Trouba Brandon Carlo
Last Minutes Defensive
Center Left Wing Right Wing Defense Defense
Ryan McLeod Adrian Kempe Brock Boeser Jacob Trouba Brandon Carlo
Goaltenders
Starting : Karel Vejmelka
Backup : Juuse Saros
Extra Forwards
Normal : Morgan Barron, David Perron, Corey Perry - PP : Morgan Barron, David Perron - PK : Corey Perry
Extra Defensemen
Normal : Brandon Carlo, Brett Pesce, David Savard - PP : Brandon Carlo - PK : Brett Pesce, David Savard
Penalty Shots
Adrian Kempe, Brock Boeser, Jake DeBrusk, David Perron, Ryan McLeod
Scratches
Luke Hughes (Healthy), Troy Stecher (Healthy), Jeff Carter (Healthy), Boone Jenner (Healthy), Jonathan Quick (Healthy)
San Jose Sharks
5 vs 5 Forward
Center Left Wing Right Wing Time % Phy DF OF
1 Alexander Wennberg Kevin Fiala Carter Verhaeghe 30 1 2 2
2 Travis Boyd Max Domi Andre Burakovsky 30 1 2 2
3 Morgan Geekie Anthony Beauvillier Ilya Mikheyev 25 1 2 2
4 Casey Cizikas Brandon Tanev Mark Jankowski 15 1 2 2
5 vs 5 Defense
Defense Defense Time % Phy DF OF
1 Mattias Samuelsson Connor Murphy 30 1 2 2
2 Jon Merrill Marcus Pettersson 30 1 2 2
3 Josh Manson Justin Barron 25 1 2 2
4 Marcus Pettersson Connor Murphy 15 1 2 2
PowerPlay Forward
Center Left Wing Right Wing Time % Phy DF OF
1 Alexander Wennberg Kevin Fiala Carter Verhaeghe 50 1 2 2
2 Ilya Mikheyev Max Domi Andre Burakovsky 50 1 2 2
PowerPlay Defense
Defense Defense Time % Phy DF OF
1 Justin Barron Connor Murphy 50 1 2 2
2 Josh Manson Marcus Pettersson 50 1 2 2
Penalty Kill 4 Players Forward
Center Wing Time % Phy DF OF
1 Kevin Fiala Carter Verhaeghe 50 1 2 2
2 Alexander Wennberg Anthony Beauvillier 50 1 2 2
Penalty Kill 4 Players Defense
Defense Defense Time % Phy DF OF
1 Josh Manson Connor Murphy 50 1 2 2
2 Justin Barron Marcus Pettersson 50 1 2 2
Penalty Kill - 3 Players Forward
Forward Time % Phy DF OF
1 Kevin Fiala 50 1 2 2
2 Carter Verhaeghe 50 1 2 2
Penalty Kill - 3 Players Defense
Defense Defense Time % Phy DF OF
1 Josh Manson Connor Murphy 50 1 2 2
2 Justin Barron Marcus Pettersson 50 1 2 2
4 vs 4 Forward
Center Wing Time % Phy DF OF
1 Alexander Wennberg Kevin Fiala 50 1 2 2
2 Max Domi Carter Verhaeghe 50 1 2 2
4 vs 4 Defense
Defense Defense Time % Phy DF OF
1 Justin Barron Connor Murphy 50 1 2 2
2 Josh Manson Marcus Pettersson 50 1 2 2
Last Minutes Offensive
Center Left Wing Right Wing Defense Defense
Carter Verhaeghe Kevin Fiala Travis Boyd Mattias Samuelsson Connor Murphy
Last Minutes Defensive
Center Left Wing Right Wing Defense Defense
Carter Verhaeghe Kevin Fiala Travis Boyd Mattias Samuelsson Connor Murphy
Goaltenders
Starting : Jacob Markstrom
Backup : Jakub Dobes
Extra Forwards
Normal : Ilya Mikheyev, Kevin Fiala, Anthony Beauvillier - PP : Ilya Mikheyev, Carter Verhaeghe - PK : Anthony Beauvillier
Extra Defensemen
Normal : Josh Manson, Justin Barron, Connor Murphy - PP : Josh Manson - PK : Justin Barron, Connor Murphy
Penalty Shots
Kevin Fiala, Carter Verhaeghe, Alexander Wennberg, Travis Boyd, Max Domi
Scratches
Adam Henrique (Sprained Right Knee Injury), Danton Heinen (Healthy), Jake McCabe (Healthy)
% Time on Ice - Edmonton Oilers
Lines # - Real PCT - Wanted PCT - Time Play
Normal Forward
1 - 29% - 30% - 15:00
2 - 29% - 30% - 14:46
3 - 24% - 25% - 12:23
4 - 19% - 15% - 9:35
Normal Defense
1 - 29% - 30% - 14:56
2 - 32% - 30% - 16:45
3 - 28% - 25% - 14:20
4 - 11% - 15% - 5:43
PP Forward
1 - 47% - 50% - 2:13
2 - 53% - 50% - 2:32
PP Defense
1 - 54% - 50% - 2:33
2 - 46% - 50% - 2:12
PK Forward
1 - 43% - 50% - 0:59
2 - 57% - 50% - 1:17
PK Defense
1 - 58% - 50% - 1:19
2 - 42% - 50% - 0:57
PK3 Forward
1 - 0% - 50%
2 - 0% - 50%
PK3 Defense
1 - 0% - 50%
2 - 0% - 50%
44 Forward
1 - 0% - 50%
2 - 0% - 50%
44 Defense
1 - 0% - 50%
2 - 0% - 50%
Last Minute Offensive - 1:15
Last Minute Defensive - 0:00
Total
Forward - 60:00
Defense - 60:00
|
% Time on Ice - San Jose Sharks
Lines # - Real PCT - Wanted PCT - Time Play
Normal Forward
1 - 29% - 30% - 15:08
2 - 28% - 30% - 14:42
3 - 23% - 25% - 11:56
4 - 20% - 15% - 10:17
Normal Defense
1 - 30% - 30% - 15:52
2 - 29% - 30% - 14:56
3 - 30% - 25% - 15:42
4 - 11% - 15% - 5:33
PP Forward
1 - 47% - 50% - 1:04
2 - 53% - 50% - 1:12
PP Defense
1 - 49% - 50% - 1:07
2 - 51% - 50% - 1:09
PK Forward
1 - 53% - 50% - 1:53
2 - 47% - 50% - 1:40
PK Defense
1 - 54% - 50% - 1:55
2 - 46% - 50% - 1:38
PK3 Forward
1 - 40% - 50% - 0:29
2 - 60% - 50% - 0:43
PK3 Defense
1 - 51% - 50% - 0:37
2 - 49% - 50% - 0:35
44 Forward
1 - 0% - 50%
2 - 0% - 50%
44 Defense
1 - 0% - 50%
2 - 0% - 50%
Last Minute Offensive - 0:00
Last Minute Defensive - 0:56
Total
Forward - 60:00
Defense - 60:00
|
Play-by-Play
1st period
0:01 of 1st period - Ryan McLeod wins face-off versus Alexander Wennberg in neutral zone.
0:26 of 1st period - Mattias Samuelsson is hit by Jake DeBrusk.
0:27 of 1st period - Icing by Mattias Samuelsson.
0:28 of 1st period - Travis Boyd wins face-off versus Dylan Holloway in San Jose Sharks zone.
0:53 of 1st period - Wrist shot by Andre Burakovsky.
0:53 of 1st period - Stopped by Karel Vejmelka without a rebound.
0:54 of 1st period - Morgan Barron wins face-off versus Morgan Geekie in Edmonton Oilers zone.
0:54 of 1st period - Morgan Barron is hit by Justin Barron.
1:40 of 1st period - Icing by Scott Mayfield.
1:41 of 1st period - Ryan McLeod wins face-off versus Alexander Wennberg in Edmonton Oilers zone.
1:41 of 1st period - Ryan McLeod is hit by Connor Murphy.
3:10 of 1st period - Off-side.
3:11 of 1st period - Alexander Wennberg wins face-off versus Morgan Barron in neutral zone.
3:13 of 1st period - Off-side.
3:14 of 1st period - Morgan Geekie wins face-off versus Morgan Barron in neutral zone.
3:59 of 1st period - Wrist shot by Carter Verhaeghe.
3:59 of 1st period - Shot Blocked by Dawson Mercer.
5:17 of 1st period - Mattias Samuelsson is hit by Brock Boeser and loses puck.
5:46 of 1st period - Alexander Wennberg is hit by Corey Perry and loses puck.
6:28 of 1st period - Off-side.
6:29 of 1st period - Travis Boyd wins face-off versus Ryan McLeod in neutral zone.
6:42 of 1st period - Wrist shot by Adrian Kempe.
6:42 of 1st period - Shot Blocked by Marcus Pettersson.
7:59 of 1st period - Wrist shot by Brock Boeser.
7:59 of 1st period - Deflect By Adrian Kempe.
7:59 of 1st period - Shot Blocked by Jon Merrill.
7:59 of 1st period - Puck is out of play.
8:00 of 1st period - Dylan Holloway wins face-off versus Morgan Geekie in San Jose Sharks zone.
10:37 of 1st period - Dawson Mercer is hit by Alexander Wennberg and loses puck.
11:36 of 1st period - Scott Mayfield is hit by Andre Burakovsky and loses puck.
11:51 of 1st period - Derek Ryan is hit by Brandon Tanev and loses puck.
12:27 of 1st period - Alexander Wennberg is hit by Drake Caggiula and loses puck.
13:08 of 1st period - Wrist shot by Morgan Geekie.
13:08 of 1st period - Shot Misses the Net.
13:10 of 1st period - Snap shot by Ilya Mikheyev.
13:10 of 1st period - Deflect By Brett Pesce.
13:10 of 1st period - Stopped by Karel Vejmelka with a rebound.
13:12 of 1st period - Slapshot by Josh Manson.
13:12 of 1st period - Shot Blocked by Scott Mayfield.
13:26 of 1st period - Scott Mayfield is hit by Josh Manson and loses puck.
13:33 of 1st period - Wrist shot by Brandon Tanev.
13:33 of 1st period - Shot Misses the Net.
13:35 of 1st period - Wrist shot by Jon Merrill.
13:35 of 1st period - Shot Misses the Net.
14:06 of 1st period - Wrist shot by Andre Burakovsky.
14:06 of 1st period - Shot Misses the Net.
14:19 of 1st period - Slapshot by Evan Bouchard.
14:19 of 1st period - Stopped by Jacob Markstrom without a rebound.
14:20 of 1st period - Dylan Holloway wins face-off versus Ilya Mikheyev in San Jose Sharks zone.
14:45 of 1st period - David Perron is hit by Connor Murphy and loses puck.
15:18 of 1st period - Slapshot by Adrian Kempe.
15:18 of 1st period - Stopped by Jacob Markstrom without a rebound.
15:19 of 1st period - Travis Boyd wins face-off versus Dylan Holloway in San Jose Sharks zone.
15:28 of 1st period - Slapshot by Andre Burakovsky.
15:28 of 1st period - Shot Hit the Post.
15:33 of 1st period - Off-side.
15:34 of 1st period - Ryan McLeod wins face-off versus Alexander Wennberg in neutral zone.
15:37 of 1st period - Wrist shot by Adrian Kempe.
15:37 of 1st period - Stopped by Jacob Markstrom without a rebound.
15:38 of 1st period - Ryan McLeod wins face-off versus Alexander Wennberg in San Jose Sharks zone.
16:11 of 1st period - Snap shot by Max Domi.
16:11 of 1st period - Stopped by Karel Vejmelka with a rebound.
16:13 of 1st period - Snap shot by Andre Burakovsky.
16:13 of 1st period - Shot Misses the Net.
16:17 of 1st period - Snap shot by Max Domi.
16:17 of 1st period - Shot Misses the Net.
16:29 of 1st period - Snap shot by Casey Cizikas.
16:29 of 1st period - Shot Misses the Net.
16:31 of 1st period - Snap shot by Casey Cizikas.
16:31 of 1st period - Shot Blocked by Brandon Carlo.
16:39 of 1st period - Slapshot by Mark Jankowski.
16:39 of 1st period - Stopped by Karel Vejmelka without a rebound.
16:40 of 1st period - Dawson Mercer wins face-off versus Morgan Geekie in Edmonton Oilers zone.
16:40 of 1st period - Dawson Mercer is hit by Ilya Mikheyev.
16:48 of 1st period - Slapshot by Dawson Mercer.
16:48 of 1st period - Stopped by Jacob Markstrom with a rebound.
17:06 of 1st period - Carter Verhaeghe is hit by Morgan Barron and loses puck.
17:36 of 1st period - Slapshot by Andre Burakovsky.
17:36 of 1st period - Stopped by Karel Vejmelka with a rebound.
17:38 of 1st period - Wrist shot by Andre Burakovsky.
17:38 of 1st period - Stopped by Karel Vejmelka with a rebound.
17:40 of 1st period - Slapshot by Josh Manson.
17:40 of 1st period - Shot Blocked by Scott Mayfield.
17:50 of 1st period - Snap shot by Brandon Tanev.
17:50 of 1st period - Stopped by Karel Vejmelka with a rebound.
17:58 of 1st period - Slapshot by Jake DeBrusk.
17:58 of 1st period - Stopped by Jacob Markstrom with a rebound.
18:08 of 1st period - Snap shot by David Perron.
18:08 of 1st period - Shot Blocked by Marcus Pettersson.
18:10 of 1st period - Slapshot by Jacob Trouba.
18:10 of 1st period - Stopped by Jacob Markstrom without a rebound.
18:11 of 1st period - Morgan Barron wins face-off versus Morgan Geekie in San Jose Sharks zone.
18:15 of 1st period - Minor Penalty to Connor Murphy for Tripping.
18:16 of 1st period - Kevin Fiala wins face-off versus Ryan McLeod in San Jose Sharks zone.
19:28 of 1st period - Brandon Carlo is hit by Alexander Wennberg and loses puck.
Goals for this period are 0 for Edmonton Oilers vs 0 for San Jose Sharks.
Shots for this period are 6 for Edmonton Oilers vs 7 for San Jose Sharks.
2nd period
0:01 of 2nd period - Alexander Wennberg wins face-off versus Jake DeBrusk in neutral zone.
0:04 of 2nd period - Wrist shot by Anthony Beauvillier.
0:04 of 2nd period - Stopped by Karel Vejmelka with a rebound.
0:15 of 2nd period - Penalty to Connor Murphy is over, Connor Murphy is back on ice.
0:16 of 2nd period - Slapshot by Evan Bouchard.
0:16 of 2nd period - Stopped by Jacob Markstrom without a rebound.
0:17 of 2nd period - Ryan McLeod wins face-off versus Travis Boyd in San Jose Sharks zone.
0:18 of 2nd period - Wrist shot by Brock Boeser.
0:18 of 2nd period - Shot Misses the Net.
0:20 of 2nd period - Wrist shot by Jacob Trouba.
0:20 of 2nd period - Stopped by Jacob Markstrom with a rebound.
0:22 of 2nd period - Slapshot by Ryan McLeod.
0:22 of 2nd period - Stopped by Jacob Markstrom with a rebound.
0:28 of 2nd period - Snap shot by Adrian Kempe.
0:28 of 2nd period - Goal by Adrian Kempe - Edmonton Oilers : 1 - San Jose Sharks : 0.
0:29 of 2nd period - Alexander Wennberg wins face-off versus Dylan Holloway in neutral zone.
0:32 of 2nd period - Dylan Holloway is hit by Connor Murphy and loses puck.
0:45 of 2nd period - Snap shot by Jake DeBrusk.
0:45 of 2nd period - Stopped by Jacob Markstrom with a rebound.
1:06 of 2nd period - Snap shot by Anthony Beauvillier.
1:06 of 2nd period - Shot Misses the Net.
1:08 of 2nd period - Snap shot by Ilya Mikheyev.
1:08 of 2nd period - Shot Misses the Net.
1:18 of 2nd period - Max Domi is hit by Adrian Kempe.
1:22 of 2nd period - Andre Burakovsky is hit by David Savard and loses puck.
2:05 of 2nd period - Wrist shot by Jake DeBrusk.
2:05 of 2nd period - Shot Blocked by Justin Barron.
2:07 of 2nd period - Snap shot by Jake DeBrusk.
2:07 of 2nd period - Shot Misses the Net.
2:17 of 2nd period - Wrist shot by David Perron.
2:17 of 2nd period - Shot Blocked by Morgan Geekie.
3:11 of 2nd period - Wrist shot by Drake Caggiula.
3:11 of 2nd period - Shot Blocked by Josh Manson.
3:25 of 2nd period - Justin Barron is hit by David Savard and loses puck.
3:30 of 2nd period - Wrist shot by Jake DeBrusk.
3:30 of 2nd period - Shot Misses the Net.
3:32 of 2nd period - Slapshot by Evan Bouchard.
3:32 of 2nd period - Deflect By Justin Barron.
3:32 of 2nd period - Stopped by Jacob Markstrom without a rebound.
3:33 of 2nd period - Travis Boyd wins face-off versus Morgan Barron in San Jose Sharks zone.
3:40 of 2nd period - Snap shot by Max Domi.
3:40 of 2nd period - Shot Misses the Net.
3:48 of 2nd period - Wrist shot by David Perron.
3:48 of 2nd period - Stopped by Jacob Markstrom with a rebound.
4:00 of 2nd period - Scott Mayfield is hit by Morgan Geekie and loses puck.
4:37 of 2nd period - Mark Jankowski is hit by Jacob Trouba and loses puck.
4:44 of 2nd period - Wrist shot by Connor Murphy.
4:44 of 2nd period - Shot Misses the Net.
4:46 of 2nd period - Slapshot by Jon Merrill.
4:46 of 2nd period - Deflect By Tanner Jeannot.
4:46 of 2nd period - Stopped by Karel Vejmelka without a rebound.
4:47 of 2nd period - Dylan Holloway wins face-off versus Travis Boyd in Edmonton Oilers zone.
4:56 of 2nd period - Snap shot by Dawson Mercer.
4:56 of 2nd period - Stopped by Jacob Markstrom with a rebound.
4:58 of 2nd period - Slapshot by David Savard.
4:58 of 2nd period - Stopped by Jacob Markstrom with a rebound.
5:00 of 2nd period - Wrist shot by Dylan Holloway.
5:00 of 2nd period - Goal by Dylan Holloway - Edmonton Oilers : 2 - San Jose Sharks : 0.
5:01 of 2nd period - Dylan Holloway wins face-off versus Alexander Wennberg in neutral zone.
5:15 of 2nd period - Minor Penalty to Brandon Carlo for Cross-checking.
5:16 of 2nd period - Alexander Wennberg wins face-off versus Adrian Kempe in Edmonton Oilers zone.
7:15 of 2nd period - Penalty to Brandon Carlo is over, Brandon Carlo is back on ice.
7:20 of 2nd period - Wrist shot by Kevin Fiala.
7:20 of 2nd period - Stopped by Karel Vejmelka with a rebound.
7:22 of 2nd period - Wrist shot by Casey Cizikas.
7:22 of 2nd period - Stopped by Karel Vejmelka without a rebound.
7:23 of 2nd period - Casey Cizikas wins face-off versus Morgan Barron in Edmonton Oilers zone.
7:26 of 2nd period - Wrist shot by Brandon Tanev.
7:26 of 2nd period - Stopped by Karel Vejmelka without a rebound.
7:27 of 2nd period - Mark Jankowski wins face-off versus Morgan Barron in Edmonton Oilers zone.
7:34 of 2nd period - Snap shot by Brandon Tanev.
7:34 of 2nd period - Stopped by Karel Vejmelka with a rebound.
7:42 of 2nd period - Snap shot by Casey Cizikas.
7:42 of 2nd period - Shot Misses the Net.
7:50 of 2nd period - Wrist shot by Brandon Tanev.
7:50 of 2nd period - Stopped by Karel Vejmelka with a rebound.
7:52 of 2nd period - Wrist shot by Casey Cizikas.
7:52 of 2nd period - Shot Misses the Net.
7:54 of 2nd period - Slapshot by Mattias Samuelsson.
7:54 of 2nd period - Deflect By Derek Ryan.
7:54 of 2nd period - Stopped by Karel Vejmelka without a rebound.
7:55 of 2nd period - Dylan Holloway wins face-off versus Travis Boyd in Edmonton Oilers zone.
8:05 of 2nd period - Wrist shot by Dylan Holloway.
8:05 of 2nd period - Stopped by Jacob Markstrom without a rebound.
8:06 of 2nd period - Morgan Geekie wins face-off versus Dylan Holloway in San Jose Sharks zone.
9:21 of 2nd period - Mark Jankowski is hit by Tanner Jeannot and loses puck.
9:28 of 2nd period - Wrist shot by Tanner Jeannot.
9:28 of 2nd period - Shot Misses the Net.
9:44 of 2nd period - Slapshot by Ilya Mikheyev.
9:44 of 2nd period - Stopped by Karel Vejmelka with a rebound.
9:46 of 2nd period - Snap shot by Ilya Mikheyev.
9:46 of 2nd period - Stopped by Karel Vejmelka with a rebound.
9:48 of 2nd period - Slapshot by Connor Murphy.
9:48 of 2nd period - Shot Misses the Net.
10:18 of 2nd period - Brett Pesce is hit by Jon Merrill and loses puck.
10:43 of 2nd period - Snap shot by Drake Caggiula.
10:43 of 2nd period - Stopped by Jacob Markstrom with a rebound.
10:45 of 2nd period - Snap shot by Drake Caggiula.
10:45 of 2nd period - Shot Misses the Net.
10:47 of 2nd period - Snap shot by Corey Perry.
10:47 of 2nd period - Shot Blocked by Justin Barron.
10:49 of 2nd period - Wrist shot by Tanner Jeannot.
10:49 of 2nd period - Shot Blocked by Justin Barron.
11:11 of 2nd period - Snap shot by Adrian Kempe.
11:11 of 2nd period - Shot Misses the Net.
12:08 of 2nd period - Max Domi is hit by David Savard and loses puck.
12:31 of 2nd period - Snap shot by Max Domi.
12:31 of 2nd period - Goal by Max Domi - Edmonton Oilers : 2 - San Jose Sharks : 1.
12:32 of 2nd period - Morgan Geekie wins face-off versus Dylan Holloway in neutral zone.
12:37 of 2nd period - Snap shot by Morgan Geekie.
12:37 of 2nd period - Shot Misses the Net.
12:39 of 2nd period - Slapshot by Marcus Pettersson.
12:39 of 2nd period - Stopped by Karel Vejmelka with a rebound.
12:41 of 2nd period - Slapshot by Marcus Pettersson.
12:41 of 2nd period - Shot Misses the Net.
12:43 of 2nd period - Snap shot by Morgan Geekie.
12:43 of 2nd period - Stopped by Karel Vejmelka with a rebound.
12:45 of 2nd period - Slapshot by Marcus Pettersson.
12:45 of 2nd period - Deflect By Jake DeBrusk.
12:45 of 2nd period - Stopped by Karel Vejmelka without a rebound.
12:46 of 2nd period - Ryan McLeod wins face-off versus Alexander Wennberg in Edmonton Oilers zone.
12:46 of 2nd period - Ryan McLeod is hit by Kevin Fiala.
12:54 of 2nd period - Slapshot by Adrian Kempe.
12:54 of 2nd period - Stopped by Jacob Markstrom with a rebound.
13:09 of 2nd period - Icing by Jon Merrill.
13:10 of 2nd period - Alexander Wennberg wins face-off versus Dawson Mercer in San Jose Sharks zone.
13:15 of 2nd period - Evan Bouchard is hit by Marcus Pettersson.
13:39 of 2nd period - Wrist shot by Andre Burakovsky.
13:39 of 2nd period - Stopped by Karel Vejmelka with a rebound.
13:41 of 2nd period - Wrist shot by Andre Burakovsky.
13:41 of 2nd period - Shot Blocked by Brock Boeser.
13:43 of 2nd period - Slapshot by Jon Merrill.
13:43 of 2nd period - Stopped by Karel Vejmelka with a rebound.
13:45 of 2nd period - Wrist shot by Max Domi.
13:45 of 2nd period - Shot Blocked by David Savard.
13:47 of 2nd period - Slapshot by Jon Merrill.
13:47 of 2nd period - Goal by Jon Merrill - Edmonton Oilers : 2 - San Jose Sharks : 2.
13:48 of 2nd period - Alexander Wennberg wins face-off versus Dylan Holloway in neutral zone.
13:56 of 2nd period - Snap shot by Dawson Mercer.
13:56 of 2nd period - Stopped by Jacob Markstrom with a rebound.
14:52 of 2nd period - Slapshot by Dawson Mercer.
14:52 of 2nd period - Stopped by Jacob Markstrom with a rebound.
14:54 of 2nd period - Slapshot by Brett Pesce.
14:54 of 2nd period - Deflect By Dylan Holloway.
14:54 of 2nd period - Deflect By Mattias Samuelsson.
14:54 of 2nd period - Stopped by Jacob Markstrom with a rebound.
14:56 of 2nd period - Wrist shot by Dylan Holloway.
14:56 of 2nd period - Shot Blocked by Connor Murphy.
14:58 of 2nd period - Snap shot by Jake DeBrusk.
14:58 of 2nd period - Shot Blocked by Travis Boyd.
15:00 of 2nd period - Slapshot by Brandon Carlo.
15:00 of 2nd period - Deflect By Andre Burakovsky.
15:00 of 2nd period - Stopped by Jacob Markstrom with a rebound.
15:02 of 2nd period - Backhand shot by Dylan Holloway.
15:02 of 2nd period - Stopped by Jacob Markstrom without a rebound.
15:03 of 2nd period - Morgan Barron wins face-off versus Morgan Geekie in San Jose Sharks zone.
15:16 of 2nd period - Wrist shot by Anthony Beauvillier.
15:16 of 2nd period - Shot Blocked by Morgan Barron.
15:45 of 2nd period - Icing by Adrian Kempe.
15:46 of 2nd period - Mark Jankowski wins face-off versus Tanner Jeannot in Edmonton Oilers zone.
15:59 of 2nd period - Slapshot by Jacob Trouba.
15:59 of 2nd period - Stopped by Jacob Markstrom with a rebound.
16:01 of 2nd period - Snap shot by Tanner Jeannot.
16:01 of 2nd period - Stopped by Jacob Markstrom with a rebound.
16:13 of 2nd period - Snap shot by Ilya Mikheyev.
16:13 of 2nd period - Shot Misses the Net.
16:43 of 2nd period - Backhand shot by Alexander Wennberg.
16:43 of 2nd period - Shot Blocked by David Savard.
16:45 of 2nd period - Slapshot by Justin Barron.
16:45 of 2nd period - Deflect By Kevin Fiala.
16:45 of 2nd period - Shot Misses the Net.
16:45 of 2nd period - Puck is out of play.
16:46 of 2nd period - Morgan Barron wins face-off versus Travis Boyd in Edmonton Oilers zone.
16:46 of 2nd period - Morgan Barron is hit by Andre Burakovsky.
17:19 of 2nd period - Slapshot by Marcus Pettersson.
17:19 of 2nd period - Stopped by Karel Vejmelka without a rebound.
17:20 of 2nd period - Ryan McLeod wins face-off versus Morgan Geekie in Edmonton Oilers zone.
17:20 of 2nd period - Ryan McLeod is hit by Morgan Geekie.
17:23 of 2nd period - Minor Penalty to Brandon Carlo for Holding.
17:24 of 2nd period - Adrian Kempe wins face-off versus Ilya Mikheyev in Edmonton Oilers zone.
17:40 of 2nd period - Snap shot by Max Domi.
17:40 of 2nd period - Goal by Max Domi - Edmonton Oilers : 2 - San Jose Sharks : 3.
17:41 of 2nd period - Dylan Holloway wins face-off versus Morgan Geekie in neutral zone.
17:48 of 2nd period - Wrist shot by Dawson Mercer.
17:48 of 2nd period - Stopped by Jacob Markstrom without a rebound.
17:49 of 2nd period - Dylan Holloway wins face-off versus Morgan Geekie in San Jose Sharks zone.
17:58 of 2nd period - Wrist shot by Dylan Holloway.
17:58 of 2nd period - Stopped by Jacob Markstrom with a rebound.
18:00 of 2nd period - Snap shot by Dylan Holloway.
18:00 of 2nd period - Stopped by Jacob Markstrom with a rebound.
18:02 of 2nd period - Snap shot by Dawson Mercer.
18:02 of 2nd period - Shot Misses the Net.
18:16 of 2nd period - Snap shot by Carter Verhaeghe.
18:16 of 2nd period - Shot Misses the Net.
18:18 of 2nd period - Slapshot by Alexander Wennberg.
18:18 of 2nd period - Stopped by Karel Vejmelka without a rebound.
18:19 of 2nd period - Alexander Wennberg wins face-off versus Morgan Barron in Edmonton Oilers zone.
18:38 of 2nd period - Wrist shot by Carter Verhaeghe.
18:38 of 2nd period - Shot Blocked by Evan Bouchard.
18:40 of 2nd period - Snap shot by Marcus Pettersson.
18:40 of 2nd period - Deflect By Kevin Fiala.
18:40 of 2nd period - Stopped by Karel Vejmelka without a rebound.
18:41 of 2nd period - Morgan Geekie wins face-off versus Ryan McLeod in Edmonton Oilers zone.
18:57 of 2nd period - Snap shot by Anthony Beauvillier.
18:57 of 2nd period - Shot Misses the Net.
19:13 of 2nd period - Max Domi is hit by Jacob Trouba and loses puck.
19:56 of 2nd period - Snap shot by Brandon Tanev.
19:56 of 2nd period - Shot Misses the Net.
19:58 of 2nd period - Slapshot by Mattias Samuelsson.
19:58 of 2nd period - Shot Blocked by Scott Mayfield.
Goals for this period are 2 for Edmonton Oilers vs 3 for San Jose Sharks.
Shots for this period are 23 for Edmonton Oilers vs 21 for San Jose Sharks.
3rd period
0:01 of 3rd period - Morgan Geekie wins face-off versus Ryan McLeod in neutral zone.
0:16 of 3rd period - Wrist shot by Anthony Beauvillier.
0:16 of 3rd period - Stopped by Karel Vejmelka with a rebound.
0:26 of 3rd period - Carter Verhaeghe is hit by Jacob Trouba and loses puck.
0:39 of 3rd period - Snap shot by Dylan Holloway.
0:39 of 3rd period - Deflect By Kevin Fiala.
0:39 of 3rd period - Shot Misses the Net.
0:39 of 3rd period - Puck is out of play.
0:40 of 3rd period - Travis Boyd wins face-off versus Morgan Barron in San Jose Sharks zone.
0:40 of 3rd period - Travis Boyd is hit by Morgan Barron.
1:15 of 3rd period - Snap shot by Kevin Fiala.
1:15 of 3rd period - Deflect By Alexander Wennberg.
1:15 of 3rd period - Shot Blocked by Evan Bouchard.
1:15 of 3rd period - Puck is out of play.
1:16 of 3rd period - Morgan Geekie wins face-off versus Dylan Holloway in Edmonton Oilers zone.
1:19 of 3rd period - Snap shot by Ilya Mikheyev.
1:19 of 3rd period - Shot Blocked by Brandon Carlo.
1:21 of 3rd period - Wrist shot by Ilya Mikheyev.
1:21 of 3rd period - Stopped by Karel Vejmelka with a rebound.
1:48 of 3rd period - Slapshot by Andre Burakovsky.
1:48 of 3rd period - Shot Blocked by Brandon Carlo.
1:50 of 3rd period - Snap shot by Travis Boyd.
1:50 of 3rd period - Shot Misses the Net.
3:07 of 3rd period - Wrist shot by Ryan McLeod.
3:07 of 3rd period - Shot Misses the Net.
3:09 of 3rd period - Slapshot by Evan Bouchard.
3:09 of 3rd period - Stopped by Jacob Markstrom with a rebound.
3:26 of 3rd period - Kevin Fiala is hit by David Perron and loses puck.
3:49 of 3rd period - Snap shot by Marcus Pettersson.
3:49 of 3rd period - Shot Misses the Net.
4:12 of 3rd period - Icing by Marcus Pettersson.
4:13 of 3rd period - Dylan Holloway wins face-off versus Casey Cizikas in San Jose Sharks zone.
5:28 of 3rd period - Wrist shot by Tanner Jeannot.
5:28 of 3rd period - Stopped by Jacob Markstrom without a rebound.
5:29 of 3rd period - Morgan Geekie wins face-off versus Dylan Holloway in San Jose Sharks zone.
5:29 of 3rd period - Morgan Geekie is hit by Dawson Mercer.
5:41 of 3rd period - Snap shot by Jake DeBrusk.
5:41 of 3rd period - Deflect By Dawson Mercer.
5:41 of 3rd period - Stopped by Jacob Markstrom without a rebound.
5:42 of 3rd period - Alexander Wennberg wins face-off versus Ryan McLeod in San Jose Sharks zone.
5:51 of 3rd period - Wrist shot by Adrian Kempe.
5:51 of 3rd period - Stopped by Jacob Markstrom with a rebound.
6:21 of 3rd period - Minor Penalty to Max Domi for Holding.
6:22 of 3rd period - Ryan McLeod wins face-off versus Kevin Fiala in San Jose Sharks zone.
6:58 of 3rd period - Wrist shot by Dawson Mercer.
6:58 of 3rd period - Stopped by Jacob Markstrom without a rebound.
6:59 of 3rd period - Ryan McLeod wins face-off versus Kevin Fiala in San Jose Sharks zone.
7:06 of 3rd period - Snap shot by Brock Boeser.
7:06 of 3rd period - Stopped by Jacob Markstrom with a rebound.
7:08 of 3rd period - Minor Penalty to Carter Verhaeghe for High sticking.
7:09 of 3rd period - Kevin Fiala wins face-off versus David Perron in San Jose Sharks zone.
7:22 of 3rd period - Slapshot by Jake DeBrusk.
7:22 of 3rd period - Stopped by Jacob Markstrom with a rebound.
7:52 of 3rd period - Backhand shot by Jake DeBrusk.
7:52 of 3rd period - Shot Misses the Net.
8:06 of 3rd period - Slapshot by Brandon Carlo.
8:06 of 3rd period - Stopped by Jacob Markstrom without a rebound.
8:07 of 3rd period - Kevin Fiala wins face-off versus Ryan McLeod in San Jose Sharks zone.
8:21 of 3rd period - Penalty to Max Domi is over, Max Domi is back on ice.
9:08 of 3rd period - Penalty to Carter Verhaeghe is over, Carter Verhaeghe is back on ice.
9:16 of 3rd period - Snap shot by Carter Verhaeghe.
9:16 of 3rd period - Stopped by Karel Vejmelka without a rebound.
9:17 of 3rd period - Travis Boyd wins face-off versus Tanner Jeannot in Edmonton Oilers zone.
9:43 of 3rd period - Connor Murphy is hit by David Perron and loses puck.
10:16 of 3rd period - Snap shot by Morgan Geekie.
10:16 of 3rd period - Stopped by Karel Vejmelka with a rebound.
10:18 of 3rd period - Snap shot by Morgan Geekie.
10:18 of 3rd period - Stopped by Karel Vejmelka with a rebound.
10:41 of 3rd period - Icing by Josh Manson.
10:42 of 3rd period - Alexander Wennberg wins face-off versus Morgan Barron in San Jose Sharks zone.
11:40 of 3rd period - Snap shot by Evan Bouchard.
11:40 of 3rd period - Shot Misses the Net.
11:42 of 3rd period - Slapshot by Evan Bouchard.
11:42 of 3rd period - Stopped by Jacob Markstrom with a rebound.
11:44 of 3rd period - Slapshot by Evan Bouchard.
11:44 of 3rd period - Shot Misses the Net.
12:04 of 3rd period - Wrist shot by Anthony Beauvillier.
12:04 of 3rd period - Stopped by Karel Vejmelka without a rebound.
12:05 of 3rd period - Ryan McLeod wins face-off versus Morgan Geekie in Edmonton Oilers zone.
12:18 of 3rd period - Snap shot by Brock Boeser.
12:18 of 3rd period - Stopped by Jacob Markstrom with a rebound.
12:20 of 3rd period - Snap shot by Scott Mayfield.
12:20 of 3rd period - Stopped by Jacob Markstrom without a rebound.
12:21 of 3rd period - Travis Boyd wins face-off versus Morgan Barron in San Jose Sharks zone.
12:30 of 3rd period - David Perron is hit by Max Domi and loses puck.
12:47 of 3rd period - Ilya Mikheyev is hit by Dylan Holloway and loses puck.
13:24 of 3rd period - Wrist shot by Brock Boeser.
13:24 of 3rd period - Shot Blocked by Josh Manson.
13:52 of 3rd period - Mattias Samuelsson is hit by Evan Bouchard and loses puck.
14:31 of 3rd period - Max Domi is hit by Adrian Kempe.
14:49 of 3rd period - Tanner Jeannot is hit by Casey Cizikas and loses puck.
15:39 of 3rd period - Jake DeBrusk is hit by Carter Verhaeghe and loses puck.
16:34 of 3rd period - Slapshot by David Perron.
16:34 of 3rd period - Shot Misses the Net.
16:36 of 3rd period - Slapshot by David Perron.
16:36 of 3rd period - Shot Misses the Net.
16:38 of 3rd period - Wrist shot by Morgan Barron.
16:38 of 3rd period - Shot Misses the Net.
16:50 of 3rd period - Jon Merrill is hit by Tanner Jeannot and loses puck.
18:36 of 3rd period - Edmonton Oilers, Karel Vejmelka is pulled from the net.
Goals for this period are 0 for Edmonton Oilers vs 0 for San Jose Sharks.
Shots for this period are 11 for Edmonton Oilers vs 6 for San Jose Sharks.
Back to the Top